 Dungeon Crawl Stone Soup version 0.15.1-1-gfacfea3 (webtiles) character file.

4191 Johnny the Chiller (level 9, -2/63 HPs)
             Began as a Demigod Ice Elementalist on Sept 25, 2014.
             Killed by divine providence
             ... invoked by a smoke demon
              (14 damage)
             ... on Level 1 of the Abyss.
             The game lasted 00:33:31 (10419 turns).

Johnny the Chiller (Demigod Ice Elementalist)      Turns: 10419, Time: 00:33:31

HP  -2/63        AC 10     Str 17      XL: 9   Next: 81%
MP  12/17        EV 11     Int 23      God:
Gold 405         SH  0     Dex 12 (13) Spells:  5 memorised,  4 levels left

rFire  + . .     SeeInvis +     f - +4 dagger "Sucvala" {drain, Contam +Inv rElec rF+ Str+4 Stlth+}
rCold  . . .     Clarity  .     j - +0 ring mail
rNeg   . . .     rCorr    .     (no shield)
rPois  .         rRot     .     n - +2 helmet {SInv}
rElec  +         Spirit   .     (no cloak)
SustAb .         Warding  .     (no gloves)
rMut   .         Rnd*Tele +     G - +0 pair of boots (curse)
Gourm  .                        (no amulet)
MR     .....                    (no ring)
                                (no ring)

@: not resistant to hostile enchantments, unstealthy
A: blurry vision 1, clumsy 2, deterioration 1, frail 1, low mp 3, teleportitis
1, no device heal 1
a: Evoke Invisibility


You were on level 1 of the Abyss.
You were full.

You visited 1 branch of the dungeon, and saw 8 of its levels.
You visited the Abyss 1 time.

You collected 405 gold pieces.

Inventory:

Hand weapons
 a - a +2 dagger of venom
 f - the +4 dagger "Sucvala" (weapon) {drain, Contam +Inv rElec rF+ Str+4 Stlth+}
   (You found it on level 4 of the Dungeon)

   A truly terrible weapon, it drains the life of those it strikes.
   It affects your strength (+4).
   It protects you from fire.
   It insulates you from electricity.
   It lets you turn invisible.
   It causes magical contamination when unequipped.
   It makes you more stealthy.
 H - the -1 long sword "Grim" {vamp, +Blink Stlth+}
   (You found it on level 7 of the Dungeon)

   It inflicts no extra harm, but heals its wielder somewhat when it strikes a
   living foe.
   It lets you blink.
   It makes you more stealthy.
Armour
 j - a +0 ring mail (worn)
 n - a +2 helmet of see invisible (worn)
 G - a cursed +0 pair of boots (worn)
Magical devices
 o - a wand of cold (8)
 z - a wand of frost (11)
 B - a wand of disintegration (12)
 E - a wand of fireball (4)
Comestibles
 c - 6 bread rations
 g - 2 beef jerkies
 i - 10 slices of pizza
 l - 6 fruits
Scrolls
 h - 4 scrolls of remove curse
 k - a scroll of noise
 p - a scroll of enchant armour
 s - a scroll of enchant weapon
 u - a scroll of fear
 C - a scroll of recharging
Jewellery
 r - an uncursed ring of ice
Potions
 m - a potion of porridge
 q - a potion of might
 t - 3 potions of magic
 v - a potion of curing
 w - 2 potions of restore abilities
 A - a potion of poison {unknown}
Books
 b - a book of Frost

   Spells                             Type                      Level
   *Freeze                            Ice                          1
   Throw Frost                        Conjuration/Ice              2
   Ozocubu's Armour                   Charms/Ice                   3
   *Throw Icicle                      Conjuration/Ice              4
   *Summon Ice Beast                  Ice/Summoning                4
   *Condensation Shield               Ice                          4
 F - a book of Burglary

   Spells                             Type                      Level
   *Swiftness                         Charms/Air                   2
   Passwall                           Transmutation/Earth          3
   Passage of Golubria                Translocation                4
   Lee's Rapid Deconstruction         Earth                        5
   Invisibility                       Hexes                        6
   Darkness                           Hexes                        7


   Skills:
 + Level 4.2 Fighting
 + Level 4.2 Armour
 + Level 5.0 Dodging
 - Level 2.3 Stealth
 * Level 5.9 Spellcasting
 - Level 0.8 Conjurations
 * Level 5.9 Summonings
 * Level 6.9 Ice Magic


You had 4 spell levels left.
You knew the following spells:

 Your Spells              Type           Power        Failure   Level  Hunger
a - Freeze                Ice            ####         1%          1    None
b - Condensation Shield   Ice            #####.....   8%          4    ###....
c - Summon Ice Beast      Ice/Summ       #####...     10%         4    ###....
d - Swiftness             Chrm/Air       #.......     17%         2    None
f - Throw Icicle          Conj/Ice       ###.....     21%         4    ###....


Dungeon Overview and Level Annotations

Branches:
Dungeon (8/15)             Temple (0/1) D:5
   Lair: D:8-11

Shops:
D:7 (([

Annotations:
D:4 Johnny's ghost, average DgIE
D:8 Erolcha


Innate Abilities, Weirdness & Mutations

[Your vision is a little blurry.]
[You are very clumsy. (Dex -4)]
[Your body is slowly deteriorating.]
[You are frail (-10% HP).]
[Your magical capacity is extremely low (-30% MP).]
[Space occasionally distorts in your vicinity.]
[Potions and wands are less effective at restoring your health.]


Message History

Your sixfirhy hits the wretched star but does no damage. x2
The smoke demon gestures at you. Something smites you!
* * * LOW HITPOINT WARNING * * *
Your sixfirhy hits the wretched star but does no damage.
Your ice beast hits the smoke demon.
Your ice beast freezes the smoke demon!
Your ice beast barely misses the wretched star.
Drink which item? (? for menu, Esc to quit)
You feel better.
Your sixfirhy hits the wretched star but does no damage.
Your sixfirhy hits the wretched star!
Your sixfirhy shocks the wretched star.
The wretched star resists.
The sixfirhy hits your small abomination.
The sixfirhy shocks your small abomination!
Your sixfirhy hits the wretched star but does no damage.
The sixfirhy hits your small abomination.
The sixfirhy shocks your small abomination!
The smoke demon gestures at you. Something smites you!
You die...

# ###.
...... ##.#.
... #
....##..#
##.##.##...#
#
......#...#
# #.##.#.##
#.#
#3#.4#4##..#
#3Y*Yx....#
##.##@##.
..# ...##.#
.z## #
..###.###


zz. . ##.. # #.. . ..# #.# #.#.# . # ## .# . . . . .# # . . . . You could see a
wretched star, a sixfirhy, 2 smoke demons, a friendly sixfirhy, 2 friendly ice
beasts and a friendly small abomination.

Vanquished Creatures
  Psyche (D:8)
  A raiju (Abyss:1)
  A yak (D:7)
  A hippogriff (D:7)
  A water moccasin (D:7)
  A black bear (D:8)
  2 ice beasts (D:5)
  2 sky beasts
  2 phantoms
  2 ogres
  3 centaurs (D:6)
  Sigmund (D:2)
  2 giant frogs (D:6)
  3 scorpions
  A giant frog zombie (D:8)
  2 crimson imps
  A hound (D:4)
  2 iguanas
  An orc priest (D:8)
  4 worker ants
  An orc wizard (D:4)
  An orange rat (D:5)
  Ijyb (D:6)
  A hound skeleton (D:6)
  7 gnolls
  8 adders
  3 green rats (D:5)
  An orc zombie (D:6)
  3 orc skeletons
  3 worms
  2 giant mites
  An adder skeleton (D:4)
  3 giant geckos
  14 orcs
  2 ball pythons
  7 goblins
  10 hobgoblins
  6 jackals (D:2)
  8 kobolds
  3 quokkas
  15 bats
  4 giant cockroaches
  4 giant newts
  24 rats
  A rat zombie (D:6)
  2 ballistomycetes (D:6)
169 creatures vanquished.

Vanquished Creatures (collateral kills)
  A thrashing horror (Abyss:1)
  A hill giant zombie (D:5)
  A hog (D:7)
  A human (D:7)
  A neqoxec (Abyss:1)
  An orc warrior (D:6)
  2 phantoms
  3 ogres
  A centaur (D:8)
  A spiny frog simulacrum (Abyss:1)
  A scorpion (D:8)
  2 crimson imps (D:8)
  2 orc priests
  A quasit (D:8)
  3 hounds
  2 orange rats (D:5)
  2 sheep (D:7)
  3 ogre skeletons
  2 ufetubi (Abyss:1)
  4 orcs
  A bat (D:8)
  A kobold (D:8)
  2 goblins (D:5)
  An orc zombie (D:7)
  5 rats (D:5)
45 creatures vanquished.

Vanquished Creatures (others)
  15 ice beasts
  A giant spore (D:6)
16 creatures vanquished.

Grand Total: 230 creatures vanquished

Notes
Turn   | Place    | Note
--------------------------------------------------------------
     0 | D:1      | Johnny, the Demigod Ice Elementalist, began the quest for the Orb.
     0 | D:1      | Reached XP level 1. HP: 14/14 MP: 3/3
   845 | D:1      | Reached XP level 2. HP: 22/22 MP: 5/5
  1206 | D:2      | Noticed Sigmund
  1217 | D:2      | Killed Sigmund
  1217 | D:2      | Reached skill level 1 in Fighting
  1217 | D:2      | Reached skill level 3 in Ice Magic
  1217 | D:2      | Reached XP level 3. HP: 20/28 MP: 0/8
  1217 | D:2      | Reached XP level 4. HP: 25/35 MP: 0/11
  1283 | D:2      | Found a stormy altar of Qazlal.
  1283 | D:2      | Found a glowing golden altar of the Shining One.
  1333 | D:2      | Reached skill level 1 in Armour
  1665 | D:2      | Learned a level 4 spell: Summon Ice Beast
  2012 | D:2      | Found a shimmering altar of Xom.
  2012 | D:2      | Found a shimmering altar of Xom.
  2014 | D:2      | Found a shimmering altar of Xom.
  2016 | D:2      | Found a shimmering altar of Xom.
  2356 | D:3      | Found a deep blue altar of Sif Muna.
  2614 | D:3      | Reached XP level 5. HP: 40/40 MP: 12/12
  2792 | D:3      | Reached skill level 1 in Summonings
  2831 | D:3      | Found an iron altar of Okawaru.
  2834 | D:3      | Found a radiant altar of Vehumet.
  2842 | D:3      | Found a shattered altar of Ashenzari.
  2845 | D:3      | Found a burning altar of Makhleb.
  2964 | D:3      | Found a glowing golden altar of the Shining One.
  3155 | D:4      | Noticed a phantom
  3229 | D:4      | Killed a phantom
  3301 | D:4      | Noticed an ogre
  3476 | D:4      | Killed an ogre
  3476 | D:4      | Reached XP level 6. HP: 19/48 MP: 15/17
  3692 | D:4      | Reached skill level 4 in Ice Magic
  3795 | D:4      | Noticed Johnny's ghost (average DgIE)
  4202 | D:4      | Got a polished dagger
  4204 | D:4      | Identified the +4 dagger "Sucvala" {drain, Contam +Inv rElec rF+ Str+4 Stlth+} (You found it on level 4 of the Dungeon)
  4648 | D:5      | Entered Level 5 of the Dungeon
  4930 | D:5      | Reached XP level 7. HP: 55/55 MP: 19/19
  5609 | D:5      | Found a staircase to the Ecumenical Temple.
  5982 | D:5      | Reached skill level 5 in Ice Magic
  5982 | D:5      | Reached XP level 8. HP: 44/62 MP: 6/21
  6481 | D:6      | Noticed Ijyb
  6491 | D:6      | Killed Ijyb
  7506 | D:6      | Reached skill level 5 in Spellcasting
  7685 | D:7      | Found Nask's Antique Weapon Shop.
  7724 | D:7      | Found Selergh's Weapon Shop.
  7961 | D:7      | Learned a level 4 spell: Throw Icicle
  7969 | D:7      | Found a white marble altar of Elyvilon.
  8081 | D:7      | Reached XP level 9. HP: 48/70 MP: 22/24
  8230 | D:7      | Found Puentucs' Armour Shop.
  8298 | D:7      | Reached skill level 6 in Ice Magic
  8318 | D:7      | Reached skill level 5 in Summonings
  8450 | D:7      | Got a jewelled long sword
  8455 | D:7      | Identified the cursed -1 long sword "Grim" {vamp, +Blink Stlth+} (You found it on level 7 of the Dungeon)
  8815 | D:8      | Noticed Psyche
  8823 | D:8      | Killed Psyche
  9232 | D:8      | Found a glowing silver altar of Zin.
  9710 | D:8      | Noticed Erolcha
  9729 | D:8      | Cast into the Abyss (Erolcha)
  9900 | Abyss:1  | Noticed a crystal guardian
  9992 | Abyss:1  | Noticed a large abomination
 10003 | Abyss:1  | Noticed a large abomination
 10013 | Abyss:1  | Noticed a large abomination
 10027 | Abyss:1  | Gained mutation: [Your magical capacity is low (-10% MP).] [a neqoxec]
 10040 | Abyss:1  | Noticed a wretched star
 10042 | Abyss:1  | Noticed a wretched star
 10051 | Abyss:1  | Gained mutation: [You are clumsy. (Dex -2)] [a neqoxec]
 10204 | Abyss:1  | Noticed a wretched star
 10265 | Abyss:1  | Learned a level 4 spell: Condensation Shield
 10268 | Abyss:1  | Learned a level 2 spell: Swiftness
 10285 | Abyss:1  | Noticed a thrashing horror
 10298 | Abyss:1  | Killed a thrashing horror
 10298 | Abyss:1  | Reached skill level 5 in Dodging
 10402 | Abyss:1  | Noticed a cacodemon
 10403 | Abyss:1  | Noticed a sixfirhy
 10405 | Abyss:1  | Noticed a wretched star
 10414 | Abyss:1  | Noticed a smoke demon
 10415 | Abyss:1  | Noticed a smoke demon
 10419 | Abyss:1  | Killed from afar by a smoke demon

Action                   |  1- 3 |  4- 6 |  7- 9 || total
-------------------------+-------+-------+-------++-------
Melee: Hand axe          |    33 |       |       ||    33
       Dagger            |    20 |   224 |   434 ||   678
 Cast: Freeze            |     6 |    21 |    21 ||    48
       Summon Ice Beast  |       |     3 |    59 ||    62
       Throw Icicle      |       |       |     5 ||     5
 Abil: Evoke Invisibilit |       |       |     1 ||     1
Evoke: Wand              |       |       |     3 ||     3
  Use: Scroll            |       |    10 |    10 ||    20
       Potion            |       |     3 |     1 ||     4
 Stab: Sleeping          |     1 |     2 |    13 ||    16
       Invisible         |       |     2 |       ||     2
       Distracted        |       |       |     1 ||     1
  Eat: Chunk             |       |    13 |    21 ||    34
       Fruit             |       |     2 |     2 ||     4
       Bread ration      |       |       |     2 ||     2
       Meat ration       |       |       |     1 ||     1
       Beef jerky        |       |       |     1 ||     1
